 Dungeon Crawl Stone Soup version 0.28.0-53-g5a82cb258f (webtiles) character file.

Game seed: 1788039573485897160

3772 MisterFreud the Covert (level 10, -4/81 HPs)
             Began as a Gnoll Delver on July 21, 2022.
             Was a High Priest of Uskayaw.
             Slain by an orc warrior
             ... wielding a +0 glaive
              (10 damage)
             ... on level 8 of the Dungeon.
             The game lasted 00:10:57 (10848 turns).

MisterFreud the Covert (Gnoll Delver)              Turns: 10848, Time: 00:10:57

Health: -4/81      AC: 10    Str: 12    XL:     10   Next: 16%
Magic:  17/17      EV: 15    Int: 16    God:    Uskayaw [*****.]
Gold:   158        SH:  0    Dex: 14    Spells: 19/19 levels left

rFire   . . .      SeeInvis .   H - +7 whip "Esoappaff" {elec, Stlth+}
rCold   . . .      Faith    .   (no shield)
rNeg    + . .      Spirit   .   b - +0 leather armour
rPois   .          Reflect  .   y - +0 helmet
rElec   .          Harm     .   (no cloak)
rCorr   .          Rampage  .   m - +0 pair of gloves
Will    +....                   x - +2 pair of boots {Stlth+}
Stlth   ++++++....              (no amulet)
HPRegen 0.23/turn               o - ring of willpower
MPRegen 0.15/turn               z - ring of the Octopus King {rN+ AC+1 EV+1 Str+1 Int+1 Dex+1}

@: about to teleport
A: fangs 1, strong nose, distributed training
a: Renounce Religion, Stomp, Line Pass, Grand Finale


You were on level 8 of the Dungeon.
You worshipped Uskayaw.
Uskayaw was noncommittal.
You visited 2 branches of the dungeon, and saw 9 of its levels.

You collected 379 gold pieces.
You spent 221 gold pieces at shops.

Inventory:

Hand Weapons
 a - a +0 short sword
 i - the +5 spear of Terror {antimagic, rElec}
   (You found it on level 6 of the Dungeon)

   It reduces the magical energy of the wielder, and disrupts the spells and
   magical abilities of those it strikes.
   Natural abilities and divine invocations are not affected.
   rElec:     It insulates you from electricity.
 q - the +9 falchion "Qippeuz" {holy, rN+ Will- Str+2}
   (You found it on level 6 of the Dungeon)

   It has been blessed by the Shining One to cause great damage to the undead
   and demons.
   Str:       It affects your strength (+2).
   rN:        It protects you from negative energy.
   Will:      It decreases your willpower.
 E - a -2 demon trident
 H - the +7 whip "Esoappaff" (weapon) {elec, Stlth+}
   (You found it on level 5 of the Dungeon)

   It occasionally discharges a powerful burst of electricity upon striking a
   foe.
   Stlth:     It makes you more stealthy.
Missiles
 u - 18 poisoned darts (quivered)
 v - 6 boomerangs
Armour
 b - a +0 leather armour (worn)
 m - a +0 pair of gloves (worn)
 t - the +0 robe of Yesterday {rCorr}
   (You found it on level 2 of the Dungeon)

   rCorr:     It protects you from acid and corrosion.
 x - a +2 pair of boots of stealth (worn)
 y - a +0 helmet (worn)
Jewellery
 o - a ring of willpower (left hand)
 r - a ring of fire
 w - a ring of wizardry
 z - a ring of the Octopus King (right hand) {rN+ AC+1 EV+1 Str+1 Int+1 Dex+1}
   (You found it on level 8 of the Dungeon)

   [ring of positive energy]

   AC:        It affects your AC (+1).
   EV:        It affects your evasion (+1).
   Str:       It affects your strength (+1).
   Int:       It affects your intelligence (+1).
   Dex:       It affects your dexterity (+1).
   rN:        It protects you from negative energy.
Wands
 g - a wand of digging (10)
 A - a wand of charming (25)
Scrolls
 c - 4 scrolls of fog
 d - 2 scrolls of magic mapping
 e - 2 scrolls of fear
 k - 4 scrolls of amnesia
Potions
 f - 6 potions of haste
 h - 3 potions of curing
 j - a potion of heal wounds
 n - 3 potions of cancellation
 p - a potion of degeneration
 s - 3 potions of resistance
 B - a potion of magic
 D - a potion of attraction {unknown}
 F - a potion of lignification {unknown}
 G - a potion of mutation {unknown}
 I - a potion of might {unknown}
 J - a potion of brilliance {unknown}


   Skills:
 + Level 8.3 Fighting
 + Level 6.8 Short Blades
 + Level 5.0 Long Blades
 + Level 5.0 Axes
 + Level 5.0 Maces & Flails
 + Level 5.0 Polearms
 + Level 5.0 Staves
 + Level 5.0 Slings
 + Level 5.0 Bows
 + Level 5.0 Crossbows
 + Level 5.0 Throwing
 + Level 5.0 Armour
 + Level 6.8 Dodging
 + Level 10.8 Stealth
 + Level 5.0 Shields
 + Level 5.0 Unarmed Combat
 + Level 5.0 Spellcasting
 + Level 4.1 Conjurations
 + Level 4.1 Hexes
 + Level 4.1 Summonings
 + Level 4.1 Necromancy
 + Level 4.1 Translocations
 + Level 4.1 Transmutations
 + Level 4.1 Fire Magic
 + Level 4.1 Ice Magic
 + Level 4.1 Air Magic
 + Level 4.1 Earth Magic
 + Level 4.1 Poison Magic
 + Level 5.5 Invocations
 + Level 5.0 Evocations


You had 19 spell levels left.
You didn't know any spells.
Your spell library contained the following spells:

 Spells                   Type           Power      Damage    Failure   Level
 Beastly Appendage        Tmut           34%        N/A       3%          1
 Wereblood                Tmut           17%        N/A       5%          2
 Spider Form              Tmut/Pois      17%        N/A       11%         3
 Tukima's Dance           Hex            17%        N/A       11%         3
 Passage of Golubria      Tloc           17%        N/A       34%         4
 Yara's Violent Unravell  Hex/Tmut       8%         3d5       69%         5
 Borgnjor's Revivificati  Necr           8%         N/A       100%        8
 Necromutation            Tmut/Necr      8%         N/A       100%        8
 Death's Door             Necr           8%         N/A       100%        9


Dungeon Overview and Level Annotations

Branches:
Dungeon (8/15)             Temple (1/1) D:4
   Lair: D:8-11

Altars:
Cheibriados
Kikubaaqudgha
Okawaru
Uskayaw
Vehumet

Shops:
D:3 ([   D:4 *   D:6 [([*   D:7 [

Annotations:
D:3 2 transporters
D:4 2 transporters, SHADDY's ghost, novice DDFi


Innate Abilities, Weirdness & Mutations

You have very sharp teeth.
Your uncanny sense of smell can sniff out nearby items.
Your experience applies equally to all skills.


Message History

The orc warrior hits you from afar with a +0 halberd!!
You are too injured to fight recklessly!
You are too injured to fight recklessly!
You whack the orc!
You kill the orc!
The orc barely misses you.
You barely miss the orc warrior. The orc warrior misses you.
The orc hits you but does no damage.
You whack the orc warrior!
The orc warrior is moderately wounded.
The orc warrior hits you from afar with a +0 halberd!
Things that are here:
a +0 short sword; 16 gold pieces; an orc corpse
Okay, then.
Items here: $ ))))))) [[[[[ †††††.
You closely miss the orc warrior.
The orc warrior is moderately wounded.
The orc warrior closely misses you.
You barely miss the orc warrior.
You bite the orc warrior, but do no damage.
The orc warrior is moderately wounded.
The orc warrior hits you from afar with a +0 halberd!
* * * LOW HITPOINT WARNING * * *
The orc warrior closely misses you.
You can no longer merge with and destroy a victim.
You hit the orc warrior.
Lightning courses through the orc warrior!
The orc warrior is almost dead.
The orc warrior hits you from afar with a +0 glaive!
* * * LOW HITPOINT WARNING * * *
The orc warrior misses you.
You can now merge with and destroy a victim.
As you read the scroll of teleportation, it crumbles to dust.
You feel strangely unstable.
You hit the orc warrior.
You bite the orc warrior, but do no damage.
The orc warrior is almost dead.
The orc warrior barely misses you.
The orc warrior hits you from afar with a +0 glaive!
You die...

###### #....# #....#
#....# #....# #.@..#
#..o.# ##
#...o##############
#..#####oo............
.......#ooo...........
......)#).............
.[....))..............
.....oo#..............
..?..oo#..............


You could see 3 orc warriors and 4 orcs.

Vanquished Creatures
  A two-headed ogre (D:8)
  Grinder (D:4)
  A wyvern (D:8)
  A steam dragon (D:8)
  2 water moccasins
  2 sky beasts
  A hornet zombie (D:7)
  2 orc warriors (D:8)
  2 necrophages
  A black bear (D:8)
  An ogre (D:6)
  A phantom (D:5)
  A kobold brigand (D:8)
  3 bullfrogs
  5 killer bees
  5 wights (D:7)
  7 howler monkeys
  A jelly (D:8)
  2 bullfrog zombies (D:5)
  A centaur zombie (D:8)
  2 orc priests
  A hound (D:6)
  A centaur skeleton (D:5)
  Ijyb (D:3)
  3 iguanas
  2 orc wizards
  Robin (D:3)
  A gnoll (D:4)
  7 adders
  A white imp (D:6)
  A dart slug (D:1)
  36 orcs
  10 ball pythons
  3 endoplasms
  5 giant cockroaches
  25 hobgoblins
  3 jackals (D:2)
  10 kobolds
  3 quokkas
  4 bats
  3 frilled lizards (D:1)
  15 goblins
  10 rats
189 creatures vanquished.

Vanquished Creatures (others)
  6 fungi (D:8)
6 creatures vanquished.

Grand Total: 195 creatures vanquished

Notes
Turn   | Place    | Note
-------+----------+-------------------------------------------
     0 | D:5      | Reached skill level 9 in Stealth
     0 | D:5      | MisterFreud the Gnoll Delver began the quest for the Orb.
     0 | D:5      | Reached XP level 1. HP: 23/23 MP: 1/1
   178 | D:3      | Found a transporter.
   204 | D:3      | Found Votiluare's Weapon Shoppe.
   209 | D:3      | Reached XP level 2. HP: 29/29 MP: 2/2
   657 | D:1      | Reached XP level 3. HP: 35/35 MP: 3/3
  1152 | D:1      | Reached skill level 1 in Invocations
  1250 | D:2      | Reached skill level 1 in Long Blades
  1250 | D:2      | Reached skill level 1 in Axes
  1250 | D:2      | Reached skill level 1 in Maces & Flails
  1250 | D:2      | Reached skill level 1 in Polearms
  1250 | D:2      | Reached skill level 1 in Staves
  1250 | D:2      | Reached skill level 1 in Slings
  1250 | D:2      | Reached skill level 1 in Bows
  1250 | D:2      | Reached skill level 1 in Crossbows
  1250 | D:2      | Reached skill level 1 in Throwing
  1250 | D:2      | Reached skill level 1 in Armour
  1250 | D:2      | Reached skill level 1 in Shields
  1250 | D:2      | Reached skill level 1 in Unarmed Combat
  1250 | D:2      | Reached skill level 1 in Spellcasting
  1250 | D:2      | Reached skill level 1 in Evocations
  1397 | D:2      | Reached XP level 4. HP: 18/41 MP: 5/5
  2186 | D:2      | Identified the +0 robe of Yesterday {rCorr}
  2222 | D:2      | Reached skill level 1 in Conjurations
  2222 | D:2      | Reached skill level 1 in Hexes
  2222 | D:2      | Reached skill level 1 in Summonings
  2222 | D:2      | Reached skill level 1 in Necromancy
  2222 | D:2      | Reached skill level 1 in Translocations
  2222 | D:2      | Reached skill level 1 in Transmutations
  2222 | D:2      | Reached skill level 1 in Fire Magic
  2222 | D:2      | Reached skill level 1 in Ice Magic
  2222 | D:2      | Reached skill level 1 in Air Magic
  2222 | D:2      | Reached skill level 1 in Earth Magic
  2222 | D:2      | Reached skill level 1 in Poison Magic
  2594 | D:3      | Noticed Robin
  2731 | D:3      | Reached XP level 5. HP: 31/47 MP: 6/6
  2901 | D:3      | Found a transporter.
  2948 | D:3      | Killed Robin
  3213 | D:3      | Found a hide-covered altar of Uskayaw.
  3224 | D:3      | Became a worshipper of Uskayaw the Reveller
  3454 | D:3      | Reached * piety under Uskayaw
  3496 | D:3      | Found Deithre's Antique Armour Emporium.
  3512 | D:3      | Noticed Ijyb
  3519 | D:3      | Killed Ijyb
  3611 | D:4      | Reached ** piety under Uskayaw
  3889 | D:4      | Noticed a centaur
  3895 | D:4      | Found a transporter.
  3897 | D:4      | Noticed SHADDY's ghost (novice DDFi)
  3933 | D:4      | Reached XP level 6. HP: 53/53 MP: 8/8
  4063 | D:4      | Found Kunaucex's Lightly-Used Armoury.
  4069 | D:4      | Bought a -3 demon trident for 1 gold piece
  4093 | D:4      | Found a transporter.
  4093 | D:4      | Noticed a steam dragon
  4458 | D:4      | Noticed Grinder
  4465 | D:4      | Killed Grinder
  4466 | D:4      | Reached skill level 5 in Short Blades
  4466 | D:4      | Reached skill level 5 in Dodging
  4466 | D:4      | Reached XP level 7. HP: 59/59 MP: 8/10
  4708 | D:4      | Found a staircase to the Ecumenical Temple.
  5057 | Temple   | Entered the Ecumenical Temple
  5224 | D:5      | HP: 1/60 [iguana (8)]
  6167 | D:5      | Identified the +7 whip "Esoappaff" {elec, Stlth+}
  6336 | D:5      | Reached *** piety under Uskayaw
  6396 | D:5      | Reached skill level 10 in Stealth
  6581 | D:5      | Found a snail-covered altar of Cheibriados.
  6612 | D:5      | Found an iron altar of Okawaru.
  6666 | D:5      | Found a radiant altar of Vehumet.
  6845 | D:5      | Reached XP level 8. HP: 60/67 MP: 12/12
  7192 | D:6      | Found Qepp's Weapon Shoppe.
  7198 | D:6      | Found Fafah's Armour Shoppe.
  7670 | D:6      | Found Zuyl's General Store.
  7683 | D:6      | Identified the +5 spear of Terror {antimagic, rElec}
  7689 | D:6      | Bought a scroll of teleportation for 33 gold pieces
  7933 | D:6      | Found Kaecuni's Armour Boutique.
  8331 | D:6      | Identified the +9 falchion "Qippeuz" {holy, rN+ Will-
                  | Str+2}
  8894 | D:7      | Found Uqainast's Antique Armour Boutique.
  8897 | D:7      | Reached XP level 9. HP: 72/72 MP: 14/14
  8903 | D:7      | Reached **** piety under Uskayaw
  8908 | D:7      | Reached ***** piety under Uskayaw
  9164 | D:7      | Bought a pair of runed boots for 187 gold pieces
  9513 | D:8      | Noticed a two-headed ogre
  9535 | D:8      | Killed a two-headed ogre
  9714 | D:8      | Found the ring of the Octopus King
  9719 | D:8      | Identified a ring of the Octopus King {rN+ AC+1 EV+1 Str+1
                  | Int+1 Dex+1}
  9744 | D:8      | Reached skill level 5 in Invocations
  9744 | D:8      | Found an ancient bone altar of Kikubaaqudgha.
 10536 | D:8      | Reached XP level 10. HP: 69/80 MP: 17/17
 10812 | D:8      | Reached skill level 5 in Long Blades
 10812 | D:8      | Reached skill level 5 in Axes
 10812 | D:8      | Reached skill level 5 in Maces & Flails
 10812 | D:8      | Reached skill level 5 in Polearms
 10812 | D:8      | Reached skill level 5 in Staves
 10812 | D:8      | Reached skill level 5 in Slings
 10812 | D:8      | Reached skill level 5 in Bows
 10812 | D:8      | Reached skill level 5 in Crossbows
 10812 | D:8      | Reached skill level 5 in Throwing
 10812 | D:8      | Reached skill level 5 in Armour
 10812 | D:8      | Reached skill level 5 in Shields
 10812 | D:8      | Reached skill level 5 in Unarmed Combat
 10812 | D:8      | Reached skill level 5 in Spellcasting
 10812 | D:8      | Reached skill level 5 in Evocations
 10848 | D:8      | Slain by an orc warrior

Illustrated notes

Levels and vault maps discovered:
D:1:      eino_arrival_cavern_a, layout_loops_ring
D:2:      layout_basic, minmay_divided_ellipse
D:3:      layout_loops_ring, nicolae_uskayaw_murder_on_the_dancefloor,
          gammafunk_ghost_mausoleum, serial_shops, shop_fountains, shop,
          nicolae_shop_behind_doors, wad_floor_pattern_untrapped, uniq_ijyb,
          uniq_robin
D:4:      layout_basic, minmay_temple_entry_enclosed_plants,
          gammafunk_ghost_arena, minmay_shop_damaged, uniq_grinder
D:5:      layout_gridville, mainiacjoe_overflow_paths,
          mainiacjoe_overflow_two_lobes
D:6:      layout_rooms, serial_shops, nicolae_shop_crystal, shop, shop, shop
D:7:      layout_basic, serial_shops, nicolae_lakefront_shop, enter_bailey_4
D:8:      layout_gridville, mainiacjoe_overflow_chevrons, special_room
          [special_room_orc]
Temple:   eino_temple_scatter_basement

Skill      XL: |  1  2  3  4  5  6  7  8  9 10 |
---------------+-------------------------------+-----
Stealth        | 10 | 10.8
Invocations    | 1 2 3 4 5 |  5.5
Long Blades    | 1 2 3 4 5 |  5.0
Axes           | 1 2 3 4 5 |  5.0
Maces & Flails | 1 2 3 4 5 |  5.0
Polearms       | 1 2 3 4 5 |  5.0
Staves         | 1 2 3 4 5 |  5.0
Slings         | 1 2 3 4 5 |  5.0
Bows           | 1 2 3 4 5 |  5.0
Crossbows      | 1 2 3 4 5 |  5.0
Throwing       | 1 2 3 4 5 |  5.0
Armour         | 1 2 3 4 5 |  5.0
Shields        | 1 2 3 4 5 |  5.0
Unarmed Combat | 1 2 3 4 5 |  5.0
Spellcasting   | 1 2 3 4 5 |  5.0
Evocations     | 1 2 3 4 5 |  5.0
Conjurations   | 1 2 3 4 |  4.1
Hexes          | 1 2 3 4 |  4.1
Summonings     | 1 2 3 4 |  4.1
Necromancy     | 1 2 3 4 |  4.1
Translocations | 1 2 3 4 |  4.1
Transmutations | 1 2 3 4 |  4.1
Fire Magic     | 1 2 3 4 |  4.1
Ice Magic      | 1 2 3 4 |  4.1
Air Magic      | 1 2 3 4 |  4.1
Earth Magic    | 1 2 3 4 |  4.1
Poison Magic   | 1 2 3 4 |  4.1
Short Blades   | 5 6 |  6.8
Dodging        | 5 6 |  6.8
Fighting       | 7 8 |  8.3

Action                   |  1- 3 |  4- 6 |  7- 9 | 10-12 || total
-------------------------+-------+-------+-------+-------++-------
Melee: Short sword       |   117 |   234 |    80 |       ||   431
       Bite              |     9 |    19 |    22 |     7 ||    57
       Punch             |     2 |     2 |    11 |     2 ||    17
       Whip              |       |       |   221 |    66 ||   287
  Use: Scroll            |       |       |    13 |     1 ||    14
 Stab: Sleeping          |    13 |    17 |    13 |       ||    43
       Paralysed         |       |       |     8 |     1 ||     9
       Distracted        |       |       |     1 |     2 ||     3
Armor: Leather armour    |    20 |    58 |    91 |    21 ||   190
Dodge: Dodged            |    92 |   135 |   169 |    42 ||   438
